 Dungeon Crawl Stone Soup version 0.23.2-1-ga50397a6bc (webtiles) character file.

Game seed: 17540544421845601877

42408 Descartes the Protected (level 14, -5/108 HPs)
             Began as a Formicid Fighter on Apr 26, 2019.
             Was the Champion of Cheibriados.
             Slain by a komodo dragon (23 damage)
             ... on level 6 of the Lair of Beasts.
             The game lasted 01:01:06 (18647 turns).

Descartes the Protected (Formicid Fighter)         Turns: 18647, Time: 01:01:06

Health: -5/108     AC:  8    Str: 46    XL:     14   Next: 55%
Magic:  0/20       EV: 18    Int: 24    God:    Cheibriados [******]
Gold:   1173       SH: 17    Dex: 28    Spells: 1/20 levels left

rFire    . . .     SeeInvis +   a - +2 broad axe (elec)
rCold    + . .     Gourm    .   c - +1 shield
rNeg     + . .     Faith    .   W - +0 scale mail "Kyoshras" {rC+ rCorr Stlth+}
rPois    +         Spirit   +   (helmet unavailable)
rElec    .         Reflect  .   s - +1 cloak
rCorr    +         Harm     .   (no gloves)
MR       ++...                  (no boots)
Stlth    ++........             o - amulet of Coronation {Spirit *Corrode *Drain rN+ Str+9}
HPRegen  0.28/turn              t - ring of protection from magic
MPRegen  0.17/turn              q - ring of poison resistance

@: corroded, flying, very slow
A: permanent stasis, dig shafts and tunnels, four strong arms, antennae 3
a: Dig, Shaft Self, Bend Time, Temporal Distortion, Slouch, Step From Time,
Renounce Religion


You were on level 6 of the Lair of Beasts.
You worshipped Cheibriados.
Cheibriados was exalted by your worship.
You were not hungry.

You visited 3 branches of the dungeon, and saw 18 of its levels.
You also visited: Gauntlet.

You collected 1313 gold pieces.
You spent 140 gold pieces at shops.

Inventory:

Hand Weapons
 a - a +2 broad axe of electrocution (weapon)
 b - the +5 morningstar "Waoj" {holy, Int+6 Dex-2}
   (You found it on level 2 of the Lair of Beasts)

   It has been blessed by the Shining One to cause great damage to the undead
   and demons.
   It affects your intelligence (+6).
   It affects your dexterity (-2).
 M - a +2 broad axe of distortion
 Z - a +2 fustibalus of velocity
Missiles
 Q - 17 curare-tipped needles
 S - 12 javelins of penetration (quivered)
Armour
 c - a +1 shield (worn)
 s - a +1 cloak (worn)
 W - the +0 scale mail "Kyoshras" (worn) {rC+ rCorr Stlth+}
   (You found it on level 3 of the Lair of Beasts)

   It protects you from cold.
   It provides partial protection from all sources of acid and corrosion.
   It makes you more stealthy.
 Y - the -5 pair of boots "Ymurumap" {rF+}
   (You found it in a Gauntlet)

   It protects you from fire.
Jewellery
 n - an uncursed amulet of magic regeneration
 o - the amulet of Coronation (around neck) {Spirit *Corrode *Drain rN+ Str+9}
   (You acquired it in a Gauntlet)

   [amulet of guardian spirit]

   It causes incoming damage to be split between your health and magic.
   It affects your strength (+9).
   It protects you from negative energy.
   It may corrode you when you take damage.
   It causes draining when unequipped.
 q - a ring of poison resistance (right hand)
 t - a ring of protection from magic (left hand)
 B - a +5 amulet of reflection
 R - an uncursed ring of protection from fire
Wands
 e - a wand of acid (14)
 k - a wand of scattershot (6)
 x - a wand of polymorph (16)
 z - a wand of flame (13)
 F - a wand of iceblast (14)
 K - a wand of clouds (6)
 N - a wand of disintegration (13)
 O - a wand of paralysis (22)
 V - a wand of digging (6)
Scrolls
 h - a scroll of fog {unknown}
 i - a scroll of acquirement
 j - 5 scrolls of enchant armour
 l - a scroll of noise {unknown}
 m - 2 scrolls of fear {unknown}
 p - 2 scrolls of random uselessness {unknown}
 v - 5 scrolls of immolation
 w - 2 scrolls of amnesia
 y - a scroll of identify
 E - a scroll of brand weapon {unknown}
 G - 2 scrolls of remove curse
 H - 3 scrolls of magic mapping
 L - a scroll of summoning
Potions
 d - 2 potions of might
 g - a potion of agility
 D - 3 potions of lignification
 I - 2 potions of brilliance
 J - a potion of cancellation {unknown}
 P - 4 potions of curing
 T - a potion of flight
 U - a potion of ambrosia {unknown}
Miscellaneous
 r - a crystal ball of energy
 u - a phial of floods
 A - a box of beasts
 X - a fan of gales
Comestibles
 f - 38 rations


   Skills:
 + Level 9.5 Fighting
 * Level 11.5(11.8) Axes
 + Level 4.1(8.6) Maces & Flails
 * Level 12.7 Armour
 + Level 7.4 Dodging
 - Level 9.0 Shields
 + Level 3.7 Spellcasting
 + Level 0.8 Transmutations
 + Level 6.1 Earth Magic
 - Level 1.1 Poison Magic
 + Level 7.3 Invocations
 + Level 8.2 Evocations


You had one spell level left.
You knew the following spells:

 Your Spells              Type           Power        Failure   Level  Hunger
a - Shatter               Erth           ####......   100%        9    #######
b - Mephitic Cloud        Conj/Pois/Air  #.......     36%         3    ##.....
c - Petrify               Tmut/Erth      ###.....     34%         4    ####...
d - Ignite Poison         Fire/Tmut/Pois #.......     32%         3    ##.....

Your spell library contained the following spells:

 Spells                   Type           Power        Failure   Level  Hunger
 Sting                    Conj/Pois      #...         12%         1    None
 Flame Tongue             Conj/Fire      #....        14%         1    None
 Summon Small Mammal      Summ           #...         14%         1    None
 Poisonous Vapours        Pois/Air       #.....       17%         2    #......
 Call Imp                 Summ           #.......     22%         2    #......
 Ensorcelled Hibernation  Hex/Ice        #.....       22%         2    #......
 Throw Flame              Conj/Fire      #.....       22%         2    #......
 Throw Frost              Conj/Ice       #.....       22%         2    #......
 Leda's Liquefaction      Hex/Erth       ###.......   38%         4    ####...
 Call Canine Familiar     Summ           #.......     41%         3    ##.....
 Conjure Flame            Conj/Fire      #.......     41%         3    ##.....
 Dazzling Spray           Conj/Hex       #.....       41%         3    ##.....
 Inner Flame              Hex/Fire       #.......     41%         3    ##.....
 Portal Projectile        Hex/Tloc       #.....       41%         3    ##.....
 Summon Guardian Golem    Hex/Summ       #.......     41%         3    ##.....
 Fulminant Prism          Conj/Hex       #.........   82%         4    ####...
 Sticky Flame             Conj/Fire      #.......     82%         4    ####...
 Summon Ice Beast         Ice/Summ       #.......     82%         4    ####...
 Summon Lightning Spire   Summ/Air       #.......     82%         4    ####...
 Bolt of Magma            Conj/Fire/Erth ##........   87%         5    ######.
 Alistair's Intoxication  Tmut/Pois      #.......     95%         5    ######.
 Fireball                 Conj/Fire      #.........   99%         5    ######.
 Metabolic Englaciation   Hex/Ice        #.........   99%         5    ######.
 Bolt of Fire             Conj/Fire      #.........   100%        6    #######
 Freezing Cloud           Conj/Ice/Air   #.........   100%        6    #######
 Ring of Flames           Chrm/Fire      #.........   100%        7    #######
 Discord                  Hex            #.........   100%        8    #######
 Ignition                 Fire           #.........   100%        8    #######


Dungeon Overview and Level Annotations

Branches:
Dungeon (11/15)            Temple (1/1) D:7            Lair (6/6) D:11
 Shoals (0/4) Lair:2       Spider (0/4) Lair:3        Slime (0/5) Lair:6
    Orc: D:9-12

Altars:
Ashenzari
Cheibriados
Dithmenos
Elyvilon
Fedhas
Gozag
Hepliaklqana
Kikubaaqudgha
Makhleb
Nemelex Xobeh
Okawaru
Qazlal
Ru
Sif Muna
Trog
Uskayaw
Vehumet
Wu Jian
Xom
Yredelemnul
Zin
The Shining One
Jiyva

Shops:
D:4 (   D:5 %   D:9 ([*[[

Annotations:
Lair:4 exclusion: oklob plant


Innate Abilities, Weirdness & Mutations

You cannot be hasted, slowed, berserked, paralysed or teleported.
You can dig through walls and to a lower floor.
Your four strong arms can wield two-handed weapons with a shield.
You have a pair of large antennae on your head. (SInv)


Message History

You block the acid blob's attack.
You slice the acid blob!!
Your hands burn!
* * * LOW HITPOINT WARNING * * *
The acid blob is almost dead.
The acid blob spits acid at you. The splash of acid hits you. You resist.
* * * LOW HITPOINT WARNING * * *
The acid corrodes you!
You are splashed with acid.
You resist.
* * * LOW HITPOINT WARNING * * *
Quiver which item? (- for none, * to show all) (? for menu, Esc to quit)
Okay, then.
You feel very buoyant.
You fly up into the air.
The acid blob hits you but does no damage.
You hit the acid blob but do no damage.
Lightning courses through the acid blob!
You kill the acid blob!
Cheibriados thoroughly appreciates the change of pace.
You slash the komodo dragon! The komodo dragon bites you!!
You die...

.. ..# ...P
.^... ###
≈....###.#
.........######
≈.........#...#
....?..†.l@_.>#
≈≈.#......#...#
..........######
≈..#P#...<.....#
..
####.......... ≈
#.........#
#P.........
##.....P##.
##....##


You could see a komodo dragon.

Vanquished Creatures
  An acid blob (Lair:6)
  Kirke (Lair:3)
  A minotaur (Gauntlet)
  The ghost of Hyperion the Basher, a journeyman VSFi of Qazlal (Lair:3)
  Josephine (Lair:5)
  Erolcha (D:11)
  3 hydras
  3 two-headed ogres
  A catoblepas (Lair:4)
  Sonja (Lair:4)
  An unseen horror (D:11)
  A cyclops (D:10)
  A salamander (shapeshifter) (Gauntlet)
  9 elephants
  Maurice (D:8)
  4 black mambas
  2 moths of wrath
  9 spiny frogs
  Psyche (D:8)
  2 gargoyles (D:10)
  A rime drake (Lair:5)
  2 kobold demonologists (D:11)
  3 komodo dragons
  2 queen bees
  A hornet (shapeshifter) (Gauntlet)
  A slime creature (D:11)
  Prince Ribbit (D:6)
  4 dream sheep
  3 hippogriffs
  11 blink frogs
  Sigmund (D:6)
  3 wraiths (Lair:5)
  A basilisk (Lair:5)
  2 wyverns (D:8)
  29 yaks
  Edmund (D:6)
  6 water moccasins
  8 porcupines
  Duvessa (D:6)
  4 ice beasts
  4 orc warriors
  2 black bears
  2 necrophages
  An ogre (D:8)
  A phantom (D:7)
  15 wolves
  7 centaurs
  6 crocodiles
  2 big kobolds
  7 bullfrogs
  A gnoll sergeant (D:6)
  Dowan (D:6)
  A wyvern skeleton (D:7)
  5 scorpions
  31 killer bees
  A howler monkey (D:8)
  An electric eel (D:6)
  3 centaur zombies
  A bullfrog zombie (D:9)
  4 crimson imps
  8 jellies
  5 orc priests
  10 hounds
  11 orc wizards
  2 centaur skeletons (D:11)
  Natasha (twice) (D:3)
  An iguana (D:10)
  4 worker ants
  A hound zombie (D:8)
  A worker ant zombie (D:8)
  4 gnolls
  11 adders
  A howler monkey skeleton (D:8)
  4 shadow imps
  6 oozes
  2 adder zombies
  An adder skeleton (D:3)
  2 worms (D:4)
  3 dart slugs
  3 leopard geckos
  A leopard gecko (shapeshifter) (Gauntlet)
  32 orcs
  5 giant cockroaches
  8 goblins
  3 hobgoblins
  7 jackals
  11 kobolds
  6 quokkas
  2 ball pythons
  7 bats
  A frilled lizard (D:2)
  10 rats
  A bush (Lair:5)
  A fungus (Lair:5)
  3 plants
406 creatures vanquished.

Vanquished Creatures (others)
  A bullfrog (Lair:4)
  A bush (Lair:3)
  5 fungi
  3 plants
  2 withered plants (Gauntlet)
12 creatures vanquished.

Grand Total: 418 creatures vanquished

Notes
Turn   | Place    | Note
-------+----------+-------------------------------------------
     0 | D:1      | Descartes the Formicid Fighter began the quest for the Orb.
     0 | D:1      | Reached XP level 1. HP: 18/18 MP: 1/1
    99 | D:1      | Reached XP level 2. HP: 24/24 MP: 2/2
   573 | D:2      | Found a radiant altar of Vehumet.
   622 | D:2      | Reached XP level 3. HP: 28/29 MP: 3/3
   964 | D:2      | Reached XP level 4. HP: 33/35 MP: 4/4
  1017 | D:2      | Found a glowing golden altar of the Shining One.
  1115 | D:3      | Reached skill level 1 in Dodging
  1117 | D:3      | Reached skill level 4 in Armour
  1122 | D:3      | Reached XP level 5. HP: 39/41 MP: 5/5
  1345 | D:3      | Found an iron altar of Okawaru.
  1501 | D:3      | Noticed Natasha
  1517 | D:3      | Killed Natasha
  1729 | D:3      | Noticed Natasha
  1735 | D:3      | Killed Natasha
  1829 | D:4      | Reached XP level 6. HP: 48/48 MP: 6/6
  1836 | D:4      | Reached skill level 5 in Shields
  2054 | D:4      | Identified the Reference Book on Earth and the Snowflakes
  2273 | D:4      | Found Efaimipn's Antique Weapon Shop.
  2518 | D:4      | Noticed a moth of wrath
  2520 | D:4      | Found a bloodstained altar of Trog.
  2541 | D:4      | Killed a moth of wrath
  2541 | D:4      | Reached skill level 5 in Armour
  2541 | D:4      | Reached XP level 7. HP: 6/55 MP: 3/7
  3047 | D:5      | Entered Level 5 of the Dungeon
  3113 | D:5      | Reached XP level 8. HP: 53/61 MP: 4/8
  3413 | D:5      | Found a sparkling altar of Nemelex Xobeh.
  3503 | D:5      | Found Posief's Food Boutique.
  3618 | D:6      | Noticed Prince Ribbit
  3624 | D:6      | Killed Prince Ribbit
  3624 | D:6      | Reached skill level 6 in Armour
  3624 | D:6      | Reached skill level 1 in Evocations
  3743 | D:6      | Noticed Dowan
  3744 | D:6      | Noticed Duvessa
  3760 | D:6      | Killed Duvessa
  3760 | D:6      | Reached skill level 5 in Axes
  3778 | D:6      | Killed Dowan
  4602 | D:6      | Reached skill level 5 in Fighting
  4621 | D:6      | Noticed Sigmund
  4788 | D:5      | Reached XP level 9. HP: 68/68 MP: 10/10
  4798 | D:6      | Killed Sigmund
  5392 | D:6      | Noticed Edmund
  5403 | D:6      | Killed Edmund
  5403 | D:6      | Reached skill level 7 in Armour
  5514 | D:7      | Found a snail-covered altar of Cheibriados.
  5525 | D:7      | Found a shimmering altar of Xom.
  5525 | D:7      | Found an ancient bone altar of Kikubaaqudgha.
  5529 | D:7      | Became a worshipper of Cheibriados the Contemplative
  5558 | D:7      | Found a staircase to the Ecumenical Temple.
  5580 | Temple   | Entered the Ecumenical Temple
  6084 | D:7      | Reached XP level 10. HP: 76/76 MP: 12/12
  6353 | D:8      | Reached * piety under Cheibriados
  6353 | D:8      | Reached skill level 8 in Armour
  6495 | D:8      | Learned a level 9 spell: Shatter
  6575 | D:8      | Found a shadowy altar of Dithmenos.
  6801 | D:8      | Found a glowing silver altar of Zin.
  6840 | D:8      | Reached skill level 1 in Earth Magic
  6850 | D:8      | Reached skill level 1 in Spellcasting
  7304 | D:8      | Noticed Psyche
  7304 | D:8      | Noticed Maurice
  7320 | D:8      | Killed Psyche
  7331 | D:8      | Killed Maurice
  7486 | D:9      | Noticed a two-headed ogre
  7501 | D:9      | Killed a two-headed ogre
  7501 | D:9      | Reached XP level 11. HP: 16/83 MP: 5/14
  7506 | D:9      | Reached ** piety under Cheibriados
  7512 | D:9      | Reached skill level 9 in Armour
  7843 | D:9      | Found Caofriti's Antique Weapon Emporium.
  7846 | D:9      | Bought a runed broad axe for 140 gold pieces
  7849 | D:9      | Found Meudwia's Antique Armour Shop.
  7871 | D:9      | Found Beast's Antique Armour Emporium.
  7904 | D:9      | Found a sacrificial altar of Ru.
  8129 | D:9      | Found Ustacump's Assorted Antiques.
  8143 | D:9      | Found Wiptum's Armour Shop.
  8311 | D:9      | Noticed a two-headed ogre
  8319 | D:9      | Killed a two-headed ogre
  8319 | D:9      | Reached skill level 1 in Invocations
  8737 | D:10     | Entered Level 10 of the Dungeon
  8841 | D:10     | Noticed a two-headed ogre
  8848 | D:10     | Killed a two-headed ogre
  8848 | D:10     | Reached skill level 5 in Evocations
  9073 | D:10     | Reached skill level 5 in Dodging
  9306 | D:10     | Noticed a cyclops
  9316 | D:10     | Killed a cyclops
  9417 | D:10     | Reached *** piety under Cheibriados
  9915 | D:10     | Learned a level 3 spell: Mephitic Cloud
  9987 | D:11     | Reached skill level 1 in Poison Magic
 10222 | D:11     | Reached skill level 10 in Armour
 10446 | D:11     | Noticed an unseen horror
 10484 | D:11     | Killed an unseen horror
 10484 | D:11     | Reached XP level 12. HP: 81/91 MP: 17/17
 10552 | D:11     | Noticed Erolcha
 10557 | D:11     | Killed Erolcha
 10679 | D:11     | Reached **** piety under Cheibriados
 10764 | D:11     | Found a staircase to the Lair.
 10972 | Lair:1   | Entered Level 1 of the Lair of Beasts
 10997 | Lair:1   | Noticed a five-headed hydra
 11029 | D:11     | Killed a six-headed hydra
 11762 | Lair:2   | Found a staircase to the Shoals.
 12338 | Lair:2   | Reached skill level 11 in Armour
 12463 | Lair:2   | Reached skill level 10 in Axes
 12553 | Lair:2   | Reached skill level 5 in Invocations
 12581 | Lair:2   | Got a dazzling morningstar
 12582 | Lair:2   | Identified the +5 morningstar "Waoj" {holy, Int+6 Dex-2}
                  | (You found it on level 2 of the Lair of Beasts)
 12798 | Lair:2   | Reached XP level 13. HP: 94/99 MP: 18/18
 13037 | Lair:3   | Reached skill level 1 in Maces & Flails
 13089 | Lair:3   | Reached ***** piety under Cheibriados
 13456 | Lair:3   | Found a runed translucent door.
 13457 | Lair:3   | Noticed Hyperion's ghost (journeyman VSFi)
 13468 | Lair:3   | Killed Hyperion's ghost
 13475 | Lair:3   | Got a shimmering scale mail
 13488 | Lair:3   | Identified the cursed +0 scale mail "Kyoshras" {rC+ rCorr
                  | Stlth+} (You found it on level 3 of the Lair of Beasts)
 14052 | Lair:3   | Found a hole to the Spider Nest.
 14374 | Lair:4   | Noticed a catoblepas
 14548 | Lair:4   | Noticed Kirke
 14552 | Lair:4   | Noticed a sphinx
 14971 | Lair:3   | Killed Kirke
 15179 | Lair:4   | Found a sparkling altar of Nemelex Xobeh.
 15411 | Lair:4   | Noticed a four-headed hydra
 15422 | Lair:4   | Killed a four-headed hydra
 15422 | Lair:4   | Reached skill level 12 in Armour
 15466 | Lair:4   | Noticed Sonja
 15477 | Lair:4   | Killed a catoblepas
 15492 | Lair:4   | Killed Sonja
 15853 | Lair:4   | Reached ****** piety under Cheibriados
 15853 | Lair:4   | Reached skill level 5 in Earth Magic
 15898 | Lair:4   | Noticed a four-headed hydra
 15904 | Lair:4   | Killed a four-headed hydra
 16570 | Lair:5   | Found a gate leading to a gauntlet.
 16620 | Gauntlet | Entered a Gauntlet
 16620 | Gauntlet | Found a transporter.
 16620 | Gauntlet | Found a large runed translucent door.
 16620 | Gauntlet | Found a large runed translucent door.
 16620 | Gauntlet | Found a large runed translucent door.
 16620 | Gauntlet | Found a large runed translucent door.
 16620 | Gauntlet | Found a runed translucent door.
 16620 | Gauntlet | Found a runed translucent door.
 16620 | Gauntlet | Found a large runed translucent door.
 16620 | Gauntlet | Found a large runed translucent door.
 16620 | Gauntlet | Found a large runed translucent door.
 16620 | Gauntlet | Found a large runed translucent door.
 16620 | Gauntlet | Found a large runed translucent door.
 16620 | Gauntlet | Found a large runed translucent door.
 16857 | Gauntlet | Found a large runed translucent door.
 16857 | Gauntlet | Found a large runed translucent door.
 16869 | Gauntlet | Found a transporter.
 16879 | Gauntlet | Found a transporter.
 16884 | Gauntlet | Found a transporter.
 16899 | Gauntlet | Found a transporter.
 16918 | Gauntlet | Found a transporter.
 16930 | Gauntlet | Found a transporter.
 16938 | Gauntlet | Found a transporter.
 16950 | Gauntlet | Found a transporter.
 17010 | Gauntlet | Found a transporter.
 17020 | Gauntlet | Found a transporter.
 17024 | Gauntlet | Found a transporter.
 17046 | Gauntlet | Found a transporter.
 17060 | Gauntlet | Found a transporter.
 17062 | Gauntlet | Found a transporter.
 17079 | Gauntlet | Found a transporter.
 17081 | Gauntlet | Noticed a ghost crab
 17096 | Gauntlet | Found a transporter.
 17116 | Gauntlet | Found a transporter.
 17139 | Gauntlet | Found a large runed translucent door.
 17140 | Gauntlet | Found a large runed translucent door.
 17146 | Gauntlet | Found a runed translucent gate.
 17146 | Gauntlet | Found a runed translucent gate.
 17146 | Gauntlet | Found a runed translucent gate.
 17161 | Gauntlet | Found a large runed translucent door.
 17162 | Gauntlet | Found a large runed translucent door.
 17234 | Gauntlet | Reached XP level 14. HP: 70/108 MP: 13/19
 17749 | Gauntlet | Got a pair of smoking boots
 17755 | Gauntlet | Identified the cursed -5 pair of boots "Ymurumap" {rF+}
                  | (You found it in a Gauntlet)
 17783 | Gauntlet | Noticed a minotaur
 17792 | Gauntlet | Killed a minotaur
 17798 | Gauntlet | Identified Zikh's Volume of Dusty Poisoning
 17801 | Gauntlet | Identified the Volume of Enchantment
 17819 | Gauntlet | Identified 2 scrolls of acquirement
 17820 | Gauntlet | Got a brightly glowing pewter amulet
 17822 | Gauntlet | Identified the amulet of Coronation {Spirit *Corrode *Drain
                  | rN+ Str+9} (You acquired it in a Gauntlet)
 18064 | Lair:5   | Noticed Josephine
 18073 | Lair:5   | Killed Josephine
 18538 | Lair:5   | Learned a level 4 spell: Petrify
 18542 | Lair:5   | Learned a level 3 spell: Ignite Poison
 18629 | Lair:6   | Entered Level 6 of the Lair of Beasts
 18629 | Lair:6   | Found a runed translucent door.
 18629 | Lair:6   | Found a viscous altar of Jiyva.
 18630 | Lair:6   | Found a staircase to the Slime Pits.
 18630 | Lair:6   | Noticed an acid blob
 18647 | Lair:6   | Killed an acid blob
 18647 | Lair:6   | Slain by a komodo dragon

Skill      XL: |  1  2  3  4  5  6  7  8  9 10 11 12 13 14 |
---------------+-------------------------------------------+-----
Shields        | 4 5 6 7 8 9 |  9.0
Dodging        | 1 2 3 4 5 6 7 |  7.4
Armour         | 4 5 6 7 8 10 11 12 | 12.7
Axes           | 3 4 5 6 7 9 10 11 | 11.5
Fighting       | 4 5 6 7 8 9 |  9.5
Evocations     | 2 3 4 5 6 7 8 |  8.2
Earth Magic    | 2 4 5 6 |  6.1
Spellcasting   | 2 3 |  3.7
Invocations    | 3 5 6 7 |  7.3
Poison Magic   | 1 |  1.1
Maces & Flails | 3 4 |  4.1
Transmutations | |  0.8

Action                   |  1- 3 |  4- 6 |  7- 9 | 10-12 | 13-15 || total
-------------------------+-------+-------+-------+-------+-------++-------
Melee: War axe           |    83 |   131 |   265 |   152 |       ||   631
       Broad axe         |       |       |       |   266 |   269 ||   535
       Flail             |       |       |       |    10 |       ||    10
       Morningstar       |       |       |       |     3 |   129 ||   132
Throw: Tomahawk          |       |       |       |     4 |       ||     4
 Abil: Dig               |     1 |     1 |     4 |     1 |     4 ||    11
Evoke: Wand              |       |       |       |       |     1 ||     1
  Use: Scroll            |       |     4 |     1 |     5 |     9 ||    19
       Potion            |       |     1 |     2 |     4 |     8 ||    15
 Stab: Paralysed         |       |       |       |     3 |       ||     3
       Invisible         |       |       |       |     1 |       ||     1
  Eat: Chunk             |       |     5 |    12 |    12 |     8 ||    37
       Ration            |       |       |       |       |     1 ||     1
Armor: Scale mail        |    33 |    47 |    49 |       |    76 ||   205
       Plate armour      |       |       |    23 |   172 |    11 ||   206
       Skin              |       |       |       |       |     9 ||     9
Dodge: Dodged            |    26 |    37 |    84 |   165 |   313 ||   625
Block: Shield            |    56 |    67 |   160 |   343 |   402 ||  1028
